 Dungeon Crawl Stone Soup version 0.22-a0-396-g3f858e3 (webtiles) character file.

24600 4thArraOfDagon the Thaumaturge (level 12, -13/86 HPs)
             Began as a Mummy Fire Elementalist on May 3, 2018.
             Was a High Priest of Vehumet.
             Hit by a large rock thrown by a cyclops (28 damage)
             ... on level 13 of the Dungeon.
             The game lasted 00:35:02 (10880 turns).

4thArraOfDagon the Thaumaturge (MuFE)              Turns: 10880, Time: 00:35:03

Health: -13/86     AC: 14    Str: 11    XL:     12   Next: 82%
Magic:  13/27      EV:  6    Int: 30    God:    Vehumet [*****.]
Gold:   183        SH:  6    Dex: 12    Spells: 20/34 levels left

rFire    . . .     SeeInvis .   M - staff of fire
rCold    + . .     Gourm    .   (no shield)
rNeg     + + +     Faith    .   u - +0 storm dragon scales
rPois    ∞         Spirit   .   b - +0 helmet
rElec    +         Reflect  +   (no cloak)
rCorr    .         Harm     .   (no gloves)
MR       +....                  h - +0 pair of boots
Stlth    ..........             n - +6 amulet of reflection
HPRegen  0.24/turn              d - +4 ring of intelligence
MPRegen  0.20/turn              v - +6 ring of intelligence

@: about to teleport, very slightly contaminated
A: no food or potions, fire vulnerability, cold resistance 1, negative energy
resistance 3, torment resistance, unbreathing
a: Renounce Religion


You were on level 13 of the Dungeon.
You worshipped Vehumet.
Vehumet was extremely pleased with you.
You were not hungry.

You visited 2 branches of the dungeon, and saw 14 of its levels.

You collected 654 gold pieces.
You spent 471 gold pieces at shops.

Inventory:

Hand Weapons
 e - a +0 mace
 E - a +0 blowgun
Missiles
 D - 10 curare-tipped needles
Armour
 a - a +1 ring mail of poison resistance
 b - a +0 helmet (worn)
 h - a +0 pair of boots (worn)
 u - +0 storm dragon scales (worn)
 y - a +2 robe of cold resistance
 z - a +1 robe of magic resistance
Magical Staves
 q - an uncursed staff of wizardry {!a}
 w - an uncursed staff of earth
 M - an uncursed staff of fire (weapon)
Jewellery
 c - an uncursed ring of wizardry
 d - a +4 ring of intelligence (left hand)
 j - an uncursed ring of ice
 m - a +4 ring of dexterity
 n - a +6 amulet of reflection (around neck)
 v - a +6 ring of intelligence (right hand)
 x - an uncursed amulet of the gourmand {unknown}
 B - an uncursed ring of wizardry
 L - the ring "Ysai" {rF+ rN+ MR+ Str+2 Int-5, unknown}
   (You took it off an orc on level 12 of the Dungeon)

   [ring of positive energy]

   It affects your strength (+2).
   It affects your intelligence (-5).
   It protects you from fire.
   It protects you from negative energy.
   It affects your resistance to hostile enchantments.
Wands
 f - a wand of flame (26)
 p - a wand of acid (6)
 A - a wand of random effects (34)
 C - a wand of disintegration (14)
 F - a wand of iceblast (1)
Scrolls
 g - 5 scrolls of teleportation
 i - 2 scrolls of amnesia
 k - 2 scrolls of enchant weapon
 l - a scroll of remove curse
 o - a scroll of immolation {unknown}
 r - 3 scrolls of enchant armour {unknown}
 s - 4 scrolls of magic mapping
 t - a scroll of blinking
 G - 2 scrolls of torment
 H - a scroll of noise
 I - 3 scrolls of identify
 J - a scroll of silence
 K - 3 scrolls of fog


   Skills:
 - Level 5.0 Fighting
 - Level 2.0(2.1) Maces & Flails
 - Level 0.5(1.3) Staves
 - Level 4.0 Armour
 - Level 4.0 Dodging
 - Level 2.5 Stealth
 - Level 0.7 Unarmed Combat
 + Level 11.9 Spellcasting
 * Level 10.2 Conjurations
 * Level 10.6 Fire Magic


You had 20 spell levels left.
You knew the following spells:

 Your Spells              Type           Power        Failure   Level  Hunger
a - Flame Tongue          Conj/Fire      #####        1%          1    N/A
b - Conjure Flame         Conj/Fire      #######.     1%          3    N/A
c - Sticky Flame          Conj/Fire      #######.     4%          4    N/A
d - Fireball              Conj/Fire      #######...   13%         5    N/A
e - Apportation           Tloc           ###...       78%         1    N/A

Dungeon Overview and Level Annotations

Branches:
Dungeon (13/15)            Temple (1/1) D:5            Lair (0/6) D:10
    Orc (0/2) D:9
 Vaults: D:13-14

Altars:
Ashenzari
Cheibriados
Dithmenos
Elyvilon
Gozag
Kikubaaqudgha
Makhleb
Nemelex Xobeh
Okawaru
Qazlal
Ru
Sif Muna
Trog
Uskayaw
Vehumet
Wu Jian
Yredelemnul
Zin
The Shining One
Beogh
Lugonu

Shops:
D:5 :   D:12 ?   D:13 %

Annotations:
D:5 Gildeon's ghost, novice MiFi
D:9 Borgoz's ghost, novice HOAK
D:13 zero's ghost, journeyman GrEE


Innate Abilities, Weirdness & Mutations

You do not eat or drink.
Your flesh is vulnerable to fire.
You are immune to poison.
Your flesh is cold resistant. (rC+)
You are immune to negative energy. (rN+++)
You are immune to unholy pain and torment.
You can survive without breathing.


Message History

Found a large rock, a scroll of teleportation and a quarterstaff.
Found a stone staircase leading down.
You see here a large rock.
Unknown command.
Unknown command.
Blink to where?
Press: ? - help, Dir - move target cursor You are very lightly contaminated with residual magic.
As you read the scroll of blinking, it crumbles to dust.
Zero's ghost (journeyman Gargoyle Earth Elementalist) comes into view.
It is wielding a vorpal weapon.
Zero's ghost turns its malevolent gaze towards you.
You hear a shout! x4
Unknown command.
Unknown command.
Enter note: WHY
As you read the scroll of teleportation, it crumbles to dust.
You feel strangely unstable.
You hear a howl!
The cyclops throws a large rock.
The large rock hits you!!
You die...

...§§ #..... ...§)
#....c ...≈≈ .....
..... #...#####+##
####. #.....C....#
.#.# #....C......
.#.# +?..§.......
##<#
##########...........
...#
#....W.@..........>..
...##
#.######.............
....# #.....####.)..
....# ####### ....
....# ### ....# ^...#
....# #####


You could see a cyclops and zero's ghost.

Vanquished Creatures
  A sphinx (D:12)
  Kirke (D:12)
  A storm dragon (D:12)
  An ettin (D:12)
  Josephine (D:10)
  Erolcha (D:12)
  A hydra (D:12)
  6 two-headed ogres
  A centaur warrior (D:13)
  A tengu warrior (D:12)
  Sonja (D:12)
  2 unseen horrors
  An ugly thing (D:12)
  2 cyclopes
  A gargoyle (D:10)
  Psyche (D:10)
  A centaur zombie (D:12)
  2 trolls (D:12)
  Prince Ribbit (D:9)
  2 hippogriffs
  3 slime creatures (D:12)
  A shadow (D:11)
  A spriggan (D:9)
  A wraith (D:10)
  2 wyverns
  4 hogs (D:12)
  3 yaks (D:7)
  A hungry ghost (D:8)
  Menkaure (D:6)
  A soldier ant (D:12)
  An acid dragon (D:10)
  3 orc warriors
  4 ice beasts
  2 phantoms
  5 black bears
  A necrophage (D:8)
  3 ogres
  A centaur (D:7)
  3 crocodiles (D:10)
  2 bullfrogs
  A wyvern zombie (D:2)
  2 scorpions
  10 wights
  3 killer bees (D:8)
  2 howler monkeys
  An electric eel (D:9)
  2 crimson imps
  2 bullfrog zombies (D:8)
  9 hounds
  2 quasits (D:8)
  5 jellies
  6 orc priests
  12 orc wizards
  A bullfrog skeleton (D:7)
  A centaur skeleton (D:4)
  2 iguanas
  7 worker ants
  2 hound zombies
  A hound skeleton (D:10)
  A howler monkey zombie (D:5)
  2 worker ant zombies
  4 gnolls (D:3)
  4 howler monkey skeletons
  14 adders
  3 shadow imps
  An ooze (D:5)
  A worm (D:3)
  A dart slug (D:5)
  10 leopard geckos
  46 orcs
  4 ball pythons
  3 giant cockroaches
  9 goblins
  6 hobgoblins
  6 kobolds
  4 quokkas
  4 bats
  7 frilled lizards
  A leopard gecko skeleton (D:8)
  A quokka zombie (D:5)
  6 rats
281 creatures vanquished.

Vanquished Creatures (others)
  A rat (D:2)
1 creature vanquished.

Grand Total: 282 creatures vanquished

Notes
Turn   | Place    | Note
-------+----------+-------------------------------------------
     0 | D:1      | 4thArraOfDagon the Mummy Fire Elementalist began the quest for the Orb.
     0 | D:1      | Reached XP level 1. HP: 13/13 MP: 4/4
   304 | D:1      | Reached XP level 2. HP: 17/19 MP: 0/5
   513 | D:2      | Reached skill level 3 in Spellcasting
   610 | D:2      | Reached XP level 3. HP: 24/24 MP: 0/7
   654 | D:3      | Learned a level 3 spell: Conjure Flame
   717 | D:4      | Reached skill level 1 in Conjurations
   822 | D:4      | :O
   904 | D:5      | Entered Level 5 of the Dungeon
   904 | D:5      | Noticed Gildeon's ghost (novice MiFi)
   935 | D:4      | Reached XP level 4. HP: 31/31 MP: 6/9
  1097 | D:4      | Learned a level 4 spell: Sticky Flame
  1148 | D:4      | Reached skill level 4 in Spellcasting
  1148 | D:4      | Reached XP level 5. HP: 22/36 MP: 1/11
  1357 | D:4      | Found a shadowy altar of Dithmenos.
  1357 | D:4      | Noticed a phantom
  1512 | D:5      | Found Sutib's Book Boutique.
  1545 | D:5      | Reached XP level 6. HP: 38/42 MP: 7/13
  1598 | D:5      | Found a staircase to the Ecumenical Temple.
  1625 | D:5      | Noticed an ice beast
  1632 | Temple   | Entered the Ecumenical Temple
  1651 | Temple   | Became a worshipper of Vehumet
  1676 | D:5      | Killed an ice beast
  1676 | D:5      | Reached skill level 5 in Spellcasting
  1815 | D:3      | Found a burning altar of Makhleb.
  2167 | D:1      | Reached skill level 1 in Fighting
  2292 | D:1      | Reached * piety under Vehumet
  2292 | D:1      | Offered knowledge of Freeze by Vehumet.
  2503 | D:2      | Reached XP level 7. HP: 48/48 MP: 5/15
  2768 | D:3      | Upgraded the game from 0.22-a0-395-gfed312b to 0.22-a0-396-g3f858e3
  2831 | D:3      | Reached skill level 1 in Maces & Flails
  2978 | D:4      | Noticed a dagger
  2979 | D:4      | Noticed a hand axe
  2979 | D:4      | Found a hide-covered altar of Uskayaw.
  3281 | D:5      | Learned a level 5 spell: Fireball
  3290 | D:5      | Found a snail-covered altar of Cheibriados.
  3854 | D:5      | Reached skill level 6 in Spellcasting
  4111 | D:6      | Found a sparkling altar of Nemelex Xobeh.
  4113 | D:6      | Found an ornate altar of the Wu Jian Council.
  4189 | D:6      | Noticed Menkaure
  4214 | D:6      | Killed Menkaure
  4214 | D:6      | Reached XP level 8. HP: 52/54 MP: 8/17
  4260 | D:6      | Reached ** piety under Vehumet
  4379 | D:6      | Offered knowledge of Throw Frost by Vehumet.
  4594 | D:7      | Reached skill level 7 in Spellcasting
  4993 | D:7      | Reached skill level 5 in Fire Magic
  4994 | D:7      | Reached XP level 9. HP: 61/61 MP: 10/20
  5005 | D:7      | Learned a level 1 spell: Apportation
  5288 | D:8      | Found an opulent altar of Gozag.
  5289 | D:8      | Found a glowing golden altar of the Shining One.
  5289 | D:8      | Found a sacrificial altar of Ru.
  5290 | D:8      | Found a white marble altar of Elyvilon.
  5307 | D:8      | Reached skill level 8 in Spellcasting
  5448 | D:8      | Found a bloodstained altar of Trog.
  5700 | D:8      | Reached skill level 5 in Conjurations
  5815 | D:8      | Offered knowledge of Ignite Poison by Vehumet.
  6067 | D:9      | Noticed a two-headed ogre
  6153 | D:9      | Found a bloodstained altar of Trog.
  6164 | D:8      | Reached *** piety under Vehumet
  6190 | D:9      | Noticed Borgoz's ghost (novice HOAK)
  6285 | D:9      | Reached skill level 1 in Armour
  6311 | D:9      | Noticed Prince Ribbit
  6325 | D:9      | Killed Prince Ribbit
  6325 | D:9      | Reached skill level 9 in Spellcasting
  6325 | D:9      | Reached XP level 10. HP: 54/69 MP: 6/23
  6497 | D:9      | Found a staircase to the Orcish Mines.
  6523 | D:9      | Found a roughly hewn altar of Beogh.
  6614 | D:9      | Found an ornate altar of the Wu Jian Council.
  6623 | D:9      | Offered knowledge of Fulminant Prism by Vehumet.
  6694 | D:9      | Killed a two-headed ogre
  6867 | D:10     | Entered Level 10 of the Dungeon
  6927 | D:10     | Noticed Psyche
  6949 | D:10     | Noticed Josephine
  6953 | D:10     | Killed Josephine
  6962 | D:9      | Noticed a two-headed ogre
  7309 | D:9      | Killed a two-headed ogre
  7384 | D:9      | You fall through a shaft for 2 floors!
  7438 | D:11     | You fall through a shaft!
  7439 | D:12     | WHAT
  7640 | D:11     | Reached **** piety under Vehumet
  7883 | D:11     | Noticed a two-headed ogre
  7895 | D:11     | Killed a two-headed ogre
  7895 | D:11     | Offered knowledge of Lightning Bolt by Vehumet.
  7895 | D:11     | Reached XP level 11. HP: 78/78 MP: 17/24
  8002 | D:10     | Found a bloodstained altar of Trog.
  8047 | D:10     | Reached skill level 10 in Spellcasting
  8222 | D:10     | Found a staircase to the Lair.
  8319 | D:10     | Noticed an unseen horror
  8321 | D:10     | Killed an unseen horror
  8327 | D:10     | Killed Psyche
  8983 | D:11     | Reached skill level 5 in Fighting
  9344 | D:12     | Noticed Sonja
  9382 | D:12     | Noticed a two-headed ogre
  9392 | D:12     | Killed a two-headed ogre
  9465 | D:12     | Killed Sonja
  9574 | D:12     | Found Pouman's Assorted Antiques.
  9589 | D:12     | Noticed a two-headed ogre
  9608 | D:12     | Killed a two-headed ogre
  9659 | D:12     | Noticed Kirke
  9735 | D:12     | Killed Kirke
  9735 | D:12     | Reached XP level 12. HP: 48/86 MP: 18/26
  9809 | D:12     | Noticed Erolcha
  9814 | D:12     | Killed Erolcha
  9814 | D:12     | Reached skill level 11 in Spellcasting
  9876 | D:12     | Found Lusiunla's Magic Scroll Emporium.
  9883 | D:12     | Bought a scroll of torment for 112 gold pieces
  9883 | D:12     | Bought a scroll of magic mapping for 52 gold pieces
  9883 | D:12     | Bought a scroll of blinking for 112 gold pieces
  9883 | D:12     | Bought a scroll of teleportation for 45 gold pieces
  9883 | D:12     | Bought a scroll of teleportation for 45 gold pieces
  9883 | D:12     | Bought a scroll of noise for 15 gold pieces
  9883 | D:12     | Bought a scroll of identify for 30 gold pieces
  9883 | D:12     | Bought a scroll of identify for 30 gold pieces
  9883 | D:12     | Bought a scroll of identify for 30 gold pieces
  9883 | D:12     | Reached ***** piety under Vehumet
  9982 | D:12     | Offered knowledge of Spellforged Servitor by Vehumet.
 10054 | D:12     | Found a runed door.
 10054 | D:12     | Noticed a four-headed hydra
 10079 | D:12     | Killed a four-headed hydra
 10599 | D:12     | Noticed a storm dragon
 10600 | D:12     | Noticed a tengu warrior
 10601 | D:12     | Noticed a two-headed ogre
 10602 | D:12     | Killed a tengu warrior
 10603 | D:12     | Noticed a sphinx
 10606 | D:12     | Killed a storm dragon
 10606 | D:12     | Reached skill level 10 in Fire Magic
 10612 | D:12     | Noticed an ettin
 10615 | D:12     | Killed a sphinx
 10618 | D:12     | Killed an ettin
 10618 | D:12     | Reached skill level 10 in Conjurations
 10621 | D:12     | Killed a two-headed ogre
 10744 | D:12     | Got a slimy bone ring
 10824 | D:13     | Found Yrithu's Food Shop.
 10864 | D:13     | Noticed a centaur warrior
 10873 | D:13     | Killed a centaur warrior
 10875 | D:13     | Noticed a centaur warrior
 10878 | D:13     | Noticed zero's ghost (journeyman GrEE)
 10879 | D:13     | WHY
 10880 | D:13     | Hit by a large rock thrown by a cyclops

Vault maps used:
D:1:      matt_arrival_spirals, hex_intersection
D:3:      lightli_temple_of_fire
D:4:      dancing_weapons_uskayaw, grunt_dithmenos_shadows
D:5:      kennysheep_mini, minmay_temple_entry_crystal_x, serial_shops,
          nicolae_shop_trees, first_ration, skrybe_limestone_x
D:6:      minitemple, uniq_menkaure
D:8:      old_standard_altar, chequers_temple_overflow_statue_of_worship
D:9:      gammafunk_temple_overflow_elements, minmay_orc_entry_temple_small,
          basic_altar, grunt_pizzeria, minivault_14, corner_web_ring,
          minivault_25_ag, trog_ov_bears_minmay, uniq_prince_ribbit1
D:10:     erik_lair_dragon, basic_altar, evilmike_butchery, uniq_josephine,
          uniq_psyche
D:12:     serial_shops, shop, shop, minivault_13, uniq_erolcha, uniq_sonja,
          uniq_kirke
D:13:     grunt_vaults_entry_tiered, serial_shops,
          nicolae_shop_temple_entry_statues_fountains, kennysheep_minor_cross,
          lemuel_nasty_fountain
Temple:   corrupted_temple

Skill      XL: |  1  2  3  4  5  6  7  8  9 10 11 12 |
---------------+-------------------------------------+-----
Fire Magic     | 3 4 5 6 8 9 10 | 10.6
Spellcasting   | 3 4 5 6 7 9 10 11 | 11.9
Conjurations   | 1 2 3 4 6 7 8 10 | 10.2
Dodging        | 2 3 4 |  4.0
Stealth        | 2 |  2.5
Fighting       | 1 2 4 5 |  5.0
Maces & Flails | 1 2 |  2.0
Armour         | 1 3 4 |  4.0
Staves         | |  0.5
Unarmed Combat | |  0.7

Action                   |  1- 3 |  4- 6 |  7- 9 | 10-12 || total
-------------------------+-------+-------+-------+-------++-------
Melee: Unarmed           |    11 |     1 |       |       ||    12
       Mace              |       |    55 |    42 |       ||    97
       Staff             |       |       |    78 |    33 ||   111
 Cast: Flame Tongue      |    49 |    52 |    74 |    92 ||   267
       Conjure Flame     |     1 |     2 |    17 |    25 ||    45
       Sticky Flame      |       |    10 |    51 |    42 ||   103
       Fireball          |       |       |     2 |    56 ||    58
Evoke: Wand              |       |       |       |    24 ||    24
  Use: Scroll            |     2 |       |     9 |     5 ||    16
 Stab: Sleeping          |       |     1 |     1 |       ||     2
Armor: Robe              |     4 |    14 |    29 |    18 ||    65
       Storm dragon scal |       |       |       |     6 ||     6
Dodge: Dodged            |    20 |    81 |   121 |    57 ||   279
Block: Other             |       |       |    41 |    32 ||    73
       Reflection        |       |       |       |     4 ||     4

Table legend:
 A = Spawn XP
 B = Non-spawn XP
 C = Spawn XP percentage of total XP
 D = Spawn monster count
 E = Non-spawn monster count
 F = Spawn count percentage of total count
 G = Total turns spent on level
                    A         B        C        D         E        F      G
               +---------+---------+-------+---------+---------+-------+---------
         Total |       0 |   35143 |   0.0 |       0 |     281 |   0.0 | 10880
               +---------+---------+-------+---------+---------+-------+---------
           D:1 |       0 |      31 |   0.0 |       0 |      19 |   0.0 |   845
           D:2 |       0 |     137 |   0.0 |       0 |      20 |   0.0 |   501
           D:3 |       0 |     165 |   0.0 |       0 |      24 |   0.0 |   526
           D:4 |       0 |     335 |   0.0 |       0 |      19 |   0.0 |  1267
           D:5 |       0 |     487 |   0.0 |       0 |      15 |   0.0 |   774
           D:6 |       0 |     566 |   0.0 |       0 |      14 |   0.0 |   520
           D:7 |       0 |    1161 |   0.0 |       0 |      17 |   0.0 |   802
           D:8 |       0 |    1806 |   0.0 |       0 |      30 |   0.0 |   837
           D:9 |       0 |    3521 |   0.0 |       0 |      32 |   0.0 |  1183
          D:10 |       0 |    4270 |   0.0 |       0 |      22 |   0.0 |   903
          D:11 |       0 |    2476 |   0.0 |       0 |      21 |   0.0 |  1063
          D:12 |       0 |   18492 |   0.0 |       0 |      42 |   0.0 |  1563
          D:13 |       0 |    1696 |   0.0 |       0 |       6 |   0.0 |    62
               +---------+---------+-------+---------+---------+-------+---------
